 Dungeon Crawl Stone Soup version 0.31.0-9-g3a7656b989 (webtiles) character file.

Game seed: 6388648767203720776

56 PaiMei the Grave Robber (level 3, -5/24 HPs)
             Began as a Demonspawn Necromancer on Jan 24, 2024.
             Slain by a gnoll
             ... wielding a +0 halberd
              (6 damage)
             ... on level 2 of the Dungeon.
             The game lasted 00:02:01 (1235 turns).

PaiMei the Grave Robber (Demonspawn Necromancer)    Turns: 1235, Time: 00:02:02

Health: -5/24      AC:  2    Str:  8    XL:     3   Next: 71%
Magic:  2/6        EV: 12    Int: 17    God:
Gold:   77         SH:  6    Dex: 13    Spells: 6/7 levels left

rFire   . . .        m - +0 short sword (protect)
rCold   . . .        (no shield)
rNeg    . . .        a - +0 robe
rPois   .            (no helmet)
rElec   .            (no cloak)
rCorr   .            (no gloves)
SInv    .            (no boots)
Will    .....        (no amulet)
Stlth   ++           (no ring)
HPRegen 0.24/turn    (no ring)
MPRegen 0.10/turn

%: no passive effects
@: no status effects
A: large bone plates 2
a: no special abilities


You were on level 2 of the Dungeon.
You visited 1 branch of the dungeon, and saw 3 of its levels.

You collected 77 gold pieces.

Inventory:

Hand Weapons
 h - a +0 spear
 m - a +0 short sword of protection (weapon)
Armour
 a - a +0 robe (worn)
Jewellery
 c - a ring of positive energy
Scrolls
 d - a scroll of revelation {unknown}
 e - 2 scrolls of teleportation {unknown}
 i - a scroll of amnesia {unknown}
Potions
 b - 2 potions of magic
 f - 2 potions of curing {unknown}
 g - a potion of cancellation {unknown}
 j - a potion of brilliance {unknown}
 k - a potion of haste {unknown}
 l - a potion of invisibility {unknown}


   Skills:
 + Level 2.4 Dodging
 + Level 2.4 Stealth
 + Level 2.5 Spellcasting
 + Level 4.8 Necromancy


You had 6 spell levels left.
You knew the following spells:

 Your Spells              Type           Power      Damage    Failure   Level
a - Necrotise             Necr           72%        1d7       2%          1

Your spell library contained the following spells:

 Spells                   Type           Power      Damage    Failure   Level
 Vampiric Draining        Necr           18%        2d7       8%          3
 Animate Dead             Necr           18%        N/A       24%         4
 Curse of Agony           Necr           18%        N/A       56%         5


Dungeon Overview and Level Annotations

Branches:
Dungeon (3/15)

Altars:

Annotations:
D:3 Robin


Innate Abilities, Weirdness & Mutations

You are mostly covered in large bone plates. (SH +6)


Message History

Your bat skeleton hits the goblin.
The goblins go into a battle-frenzy!
A goblin comes into view. It is wielding a +0 dagger.
You hear a shout!
Your bat skeleton hits the goblin. x2
The goblin dies!
Something throws the goblin at your bat skeleton!
The goblin hits your bat skeleton with a +0 club.
Your bat skeleton hits the goblin.
Casting: Necrotise (safe; 2% risk of failure)
Confirm with . or Enter, or press ? or * to list all spells.
Aiming: Necrotise (safe; 2% risk of failure)
Press: ? - help, Shift-Dir - straight line, f - goblin
Aim: a goblin, wielding a +0 dagger (strong, chance to affect: 88%)
The goblin writhes in agony.
Your bat skeleton hits the goblin.
Your bat skeleton misses the goblin.
Your goblin skeleton hits the goblin.
A hobgoblin comes into view.
The goblin hits your bat skeleton with a +0 club.
Your bat skeleton is destroyed!
You hear a shout!
You hear a shout!
Something hits your goblin skeleton!
Your goblin skeleton is destroyed!
The goblin barely misses you.
You climb upwards.
The gnoll hits you with a +0 whip.
The gnoll hits you from afar with a +0 halberd!
There is a stone staircase leading down, spattered with blood here.
Casting: Necrotise (safe; 2% risk of failure)
Confirm with . or Enter, or press ? or * to list all spells.
Aiming: Necrotise (safe; 2% risk of failure)
Press: ? - help, Shift-Dir - straight line, f - gnoll
Aim: a gnoll, wielding a +0 whip (chance to affect: 83%)
The gnoll writhes in agony.
The gnoll hits you with a +0 whip. The gnoll barely misses you.
You block the goblin's attack. The gnoll misses you.
You block the gnoll's attack.
The gnoll hits you from afar with a +0 halberd!
* * * LOW HITPOINT WARNING * * *
The gnoll attacks as it pursues you!
The gnoll hits you from afar with a +0 halberd.
You die...

###########.#
K.....#..<#.#
.....#...#.# #
####...$...#.#
..#..........#.#
.........#.#.#.#########
..........>g....)..S....
........g#.#.#.#######.#
#.....@ggS..#.#
#.###.###.###.# #.
.......# #####.##### #.#
#.# ..# ##


You could see 2 gnolls, an adder and a goblin (strong).

Vanquished Creatures
  A gnoll (D:2)
  A dart slug (D:1)
  4 bats
  5 endoplasms
  A giant cockroach (D:1)
  3 goblins
  4 hobgoblins (D:1)
  4 kobolds (D:1)
  3 quokkas (D:1)
  6 ball pythons (D:1)
  2 frilled lizards (D:1)
  A rat (D:2)
35 creatures vanquished.

Vanquished Creatures (collateral kills)
  A bat (D:1)
  A goblin (D:3)
  A hobgoblin (D:1)
  A frilled lizard (D:1)
  A rat (D:1)
5 creatures vanquished.

Grand Total: 40 creatures vanquished

Notes
Turn   | Place    | Note
-------+----------+-------------------------------------------
     0 | D:1      | PaiMei the Demonspawn Necromancer began the quest for the
                  | Orb.
     0 | D:1      | Reached XP level 1. HP: 13/13 MP: 3/3
   122 | D:1      | Gained mutation: You are partially covered in large bone
                  | plates. (SH +4) [demonic ancestry]
   122 | D:1      | Reached XP level 2. HP: 19/19 MP: 0/5
   634 | D:1      | Gained mutation: You are mostly covered in large bone
                  | plates. (SH +6) [demonic ancestry]
   634 | D:1      | Reached XP level 3. HP: 24/24 MP: 1/6
   785 | D:1      | Found a faded altar of an unknown god.
  1220 | D:3      | Noticed Robin
  1232 | D:2      | HP: 1/24 [gnoll/+0 halberd (8)]
  1235 | D:2      | Slain by a gnoll

Illustrated notes

Levels and vault maps discovered:
D:1:      minmay_arrival_arboretum_large, layout_basic,
          hellmonk_ecumenical_altar_slurped_away, minmay_hexomino_c4
D:2:      layout_basic, minmay_fractal_squares_gapless_5
D:3:      layout_loops_ring, elyvilon_altar_5,
          mainiacjoe_overflow_surrounded_room, uniq_crazy_yiuf_cottage,
          uniq_natasha, uniq_robin

Skill      XL: |  1 |
---------------+----+-----
Stealth        | 2 |  2.4
Dodging        | 2 |  2.4
Spellcasting   | |  2.5
Necromancy     | |  4.8

Action                     || total
---------------------------++-------
  Melee: Unarmed           ||     7
         Spear             ||    13
   Cast: Necrotise         ||    60
   Stab: Distracted        ||     1
 Armour: Robe              ||    20
  Dodge: Dodged            ||    23
  Block: Other             ||    11
